 Dungeon Crawl Stone Soup version 0.28-a0-1202-g1e6f1b2279 (webtiles) character file.

Game seed: 8239368389005780989

62 ChaosChampion the Ruffian (level 3, -2/28 HPs)
             Began as a Draconian Transmuter on Dec 20, 2021.
             Slain by an ogre (19 damage)
             ... on level 3 of the Dungeon.
             The game lasted 00:01:21 (1759 turns).

ChaosChampion the Ruffian (Draconian Transmuter)    Turns: 1759, Time: 00:01:22

Health: -2/28      AC:  5    Str: 12    XL:     3   Next: 85%
Magic:  6/6        EV: 12    Int: 15    God:
Gold:   75         SH:  0    Dex: 11    Spells: 3/6 levels left

rFire   . . .      SeeInvis .     - Unarmed
rCold   . . .      Faith    .   (no shield)
rNeg    . . .      Spirit   .   (armour unavailable)
rPois   .          Reflect  .   (helmet restricted)
rElec   .          Harm     .   (no cloak)
rCorr   .          Rampage  .   (no gloves)
Will    .....                   (no boots)
Stlth   +.........              (no amulet)
HPRegen 0.09/turn               (no ring)
MPRegen 0.10/turn               (no ring)

@: no status effects
A: AC +5, unfitting armour, cold-blooded
a: no special abilities


You were on level 3 of the Dungeon.
You visited 1 branch of the dungeon, and saw 3 of its levels.

You collected 75 gold pieces.

Inventory:

Missiles
 f - 18 poisoned darts (quivered)
Jewellery
 d - a ring of ice
Scrolls
 a - 2 scrolls of identify {unknown}
 c - a scroll of enchant weapon {unknown}
 e - 2 scrolls of amnesia {unknown}
Potions
 b - a potion of brilliance {unknown}
 g - 2 potions of curing {unknown}


   Skills:
 - Level 1.1 Fighting
 - Level 1.7 Dodging
 * Level 4.3 Unarmed Combat
 - Level 2.0 Spellcasting
 + Level 2.8 Transmutations


You had 3 spell levels left.
You knew the following spells:

 Your Spells              Type           Power      Damage    Failure   Level
a - Beastly Appendage     Tmut           20%        N/A       7%          1
b - Wereblood             Tmut           10%        N/A       11%         2

Your spell library contained the following spells:

 Spells                   Type           Power      Damage    Failure   Level
 Spider Form              Tmut/Pois      5%         N/A       36%         3
 Ice Form                 Ice/Tmut       5%         N/A       77%         4


Dungeon Overview and Level Annotations

Branches:
Dungeon (3/15)

Altars:
Makhleb


Innate Abilities, Weirdness & Mutations

Your plain brown scales are hard. (AC +5)
You cannot fit into any form of body armour.
You are cold-blooded and may be slowed by cold attacks.


Message History

An orc comes into view. It is wielding a +0 hand axe.
The orc shouts!
An orc is nearby!
An orc is nearby!
An orc is nearby!
Casting: Beastly Appendage (safe; 7% risk of failure)
Confirm with . or Enter, or press ? or * to list all spells.
You grow a pair of large bovine horns.
Your feet morph into talons.
Your transformation is almost over.
The orc barely misses you.
You barely miss the orc. Your kick misses the orc.
An ogre comes into view. It is wielding a +0 giant club.
The orc closely misses you.
The ogre shouts!
You hit the orc. You claw the orc, but do no damage.
The orc is lightly wounded.
The orc hits you with a +0 hand axe.
You barely miss the orc.
The orc is lightly wounded.
You hit the orc but do no damage.
Your tail-slap misses the orc.
The orc is lightly wounded.
The orc closely misses you.
You hit the orc but do no damage. You claw the orc.
You kill the orc!
You barely miss the ogre. You headbutt the ogre. You tail-slap the ogre.
The ogre is moderately wounded.
The ogre misses you.
You hit the ogre but do no damage. You claw the ogre.
The ogre is moderately wounded.
The ogre closely misses you.
An ogre is nearby!
An ogre is nearby!
An ogre is nearby!
You barely miss the ogre. You claw the ogre, but do no damage.
The ogre is moderately wounded.
Your horns disappear.
Your talons disappear.
The ogre hits you with a +0 giant club!
The ogre hits you with a +0 giant club!!
Ouch! That really hurt!
You die...

#.# #.# ##
#.#####.
#......
#.##.. #.##.#
# #.##.##.#
#<#.O.#.###..
#..@#.)......
###...#.###..
##.## .. #.#
## #.# #.#
#.. ###


You could see an ogre.

Vanquished Creatures
  An adder (D:2)
  An adder skeleton (D:2)
  An orc (D:3)
  A bat (D:2)
  2 endoplasms (D:2)
  4 giant cockroaches
  2 goblins
  4 hobgoblins
  4 jackals (D:1)
  5 kobolds
  8 quokkas
  6 ball pythons
  2 frilled lizards (D:1)
  A rat (D:1)
42 creatures vanquished.

Notes
Turn   | Place    | Note
-------+----------+-------------------------------------------
     0 | D:1      | ChaosChampion the Draconian Transmuter began the quest for
                  | the Orb.
     0 | D:1      | Reached XP level 1. HP: 16/16 MP: 3/3
   275 | D:1      | Reached XP level 2. HP: 23/23 MP: 3/5
   507 | D:1      | Learned a level 2 spell: Wereblood
   736 | D:1      | Reached XP level 3. HP: 28/28 MP: 2/6
   938 | D:2      | Reached skill level 4 in Unarmed Combat
  1483 | D:2      | Found a burning altar of Makhleb.
  1742 | D:3      | Noticed an ogre
  1759 | D:3      | Slain by an ogre

Illustrated notes

Levels and vault maps discovered:
D:1:      dpeg_arrival_tiny_h, layout_rooms
D:2:      layout_basic, basic_altar
D:3:      layout_loops_ring, mainiacjoe_overflow_24_doors, serial_shops,
          nicolae_shop_waterfront, gammafunk_ghost_nasty_kobolds, st_stairs_7,
          minmay_ogre_servants, uniq_pargi, uniq_sigmund, uniq_terence

Skill      XL: |  1  2  3 |
---------------+----------+-----
Unarmed Combat | 4 |  4.3
Fighting       | |  1.1
Dodging        | |  1.7
Spellcasting   | |  2.0
Transmutations | |  2.8

Action                   || total
-------------------------++-------
Melee: Unarmed           ||   105
       Kick              ||    19
       Headbutt          ||     8
       Tailslap          ||    13
       Punch             ||     1
 Cast: Beastly Appendage ||    17
       Wereblood         ||     5
Armor: Skin              ||    19
Dodge: Dodged            ||    80

Table legend: (Time is in decaauts)
 A = Elapsed time spent in this place.
 B = Non-inter-level travel time spent in this place.
 C = Inter-level travel time spent in this place.
 D = Time resting spent in this place.
 E = Time spent auto-exploring this place.
 F = Levels seen in this place.
 G = Mean time per level.
                   A        B        C        D        E       F      G
               +--------+--------+--------+--------+--------+-----+--------+
         Total |   1751 |   1714 |     37 |      0 |   1463 |   3 |  583.7 |
       Dungeon |   1751 |   1714 |     37 |      0 |   1463 |   3 |  583.7 |
               +--------+--------+--------+--------+--------+-----+--------+

Top non-repeatable levels by time:
     D:1: 924 daAuts
     D:2: 802 daAuts
     D:3: 24 daAuts
